AoeStats
← Zumoshi

Arabia

505457631Analyzed
1v1 RM · 24d ago on Sep 9, 2026· 61m 26s· 2 players
Game mode
Random Map
Map size
Tiny (2 player)
Population
200
Speed
Normal
Resources
Standard
Victory
Conquest
Starting age
Dark Age
Ending age
Imperial Age
RankedLock teamsTeams togetherTeam positionsShared explorationLock speedFull tech treeHidden civsTurbo modeCheats
Victory
Defeat
🇮🇱 Bulgarians · Israel
1103
+17
🇹🇷 Franks · Türkiye
1118
-17
Zumoshi
6:58 Loom
9:36 Feudal Age
11:43 Double-Bit Axe
12:23 Arson
15:28 Horse Collar
21:28 Castle Age
20:11 Forging
21:27 Scale Mail Armor
22:55 Bow Saw
22:57 Husbandry
23:09 Bloodlines
23:40 Iron Casting
23:12 Scale Barding Armor
23:23 Squires
22:51 Pikeman
29:41 Wheelbarrow
28:52 Town Watch
30:06 Heavy Plow
32:03 Chain Barding Armor
32:18 Chain Mail Armor
33:23 Hand Cart
34:23 Fletching
35:55 Stirrups
38:37 Imperial Age
37:30 Gold Mining
42:12 Imperial Age
40:56 Gold Shaft Mining
40:14 Stone Mining
45:15 Imperial Age
45:26 Elite Konnik
47:13 Blast Furnace
46:49 Plate Barding Armor
47:38 Gold Shaft Mining
47:32 Conscription
48:07 Siege Engineers
49:08 Plate Mail Armor
51:44 Halberdier
53:41 Light Cavalry
55:57 Crop Rotation
55:27 Hussar
Must_61
0:53 Loom
10:29 Feudal Age
16:02 Castle Age
14:46 Double-Bit Axe
21:46 Town Watch
26:15 Wheelbarrow
27:06 Forging
27:44 Scale Mail Armor
29:44 Bow Saw
30:09 Stone Mining
30:10 Gold Mining
30:13 Stone Mining
34:40 Imperial Age
32:13 Fletching
33:01 Hand Cart
33:33 Ballistics
33:18 Padded Archer Armor
33:34 Chain Mail Armor
34:14 Gold Shaft Mining
35:37 Town Patrol
35:56 Leather Archer Armor
36:12 Plate Mail Armor
35:38 Bodkin Arrow
36:11 Conscription
36:30 Elite Throwing Axeman
40:03 Chemistry
39:41 Iron Casting
39:11 Scale Barding Armor
43:20 Light Cavalry
44:42 Husbandry
45:13 Scale Barding Armor
46:53 Blast Furnace
46:16 Chain Barding Armor
46:28 #83
50:42 Squires
50:28 Gambesons
50:20 Pikeman
50:49 Arson
50:35 Cavalier
50:49 Halberdier
52:07 Plate Barding Armor
52:49 Paladin
57:56 Elite Skirmisher
Connection lost

Rejoining the realm…

Still unreachable

The connection could not be restored.

Session expired

The server has moved on; the page needs a fresh start.